 Dungeon Crawl Stone Soup version 0.24.0-37-gcf1ca852f1 (webtiles) character file.

Game seed: 2993909008570563125, levelgen mode: deterministic

194731 Amplified the Marksminotaur (level 17, -21/166 HPs)
             Began as a Minotaur Monk on Nov 21, 2019.
             Was the Champion of the Shining One.
             Shot with a bolt by a yaktaur captain (43 damage)
             ... on level 1 of the Vaults.
             The game lasted 00:34:51 (26276 turns).

Amplified the Marksminotaur (Minotaur Monk)        Turns: 26276, Time: 00:34:51

Health: -21/166    AC: 28    Str: 22    XL:     17   Next: 68%
Magic:  6/23       EV: 20    Int: 11    God:    the Shining One [******]
Gold:   1138       SH:  0    Dex: 20    Spells: 16/16 levels left

rFire    + + .     SeeInvis .   l - +10 longbow "Pufay" {velocity, Str+2 Dex+3}
rCold    + . .     Gourm    .   (shield currently unavailable)
rNeg     + + +     Faith    .   T - +10 ring mail of the Ditch-Digger {rF+}
rPois    .         Spirit   .   o - +1 hat {Int+3}
rElec    +         Reflect  .   M - scarf {cloud immunity}
rCorr    +         Harm     +   S - +2 pair of gloves
MR       +....                  d - +2 pair of boots {run}
Stlth    +.........             a - amulet of Soureab {Harm *Drain rElec rC+}
HPRegen  0.37/turn              B - ring of protection from fire
MPRegen  0.18/turn              z - ring of resist corrosion (curse)

@: marked, glowing, quick
A: retaliatory headbutt, horns 2, talons 1, slimy green scales 2, agile 1
}: 1/15 runes: decaying
a: Divine Shield, Cleansing Flame, Summon Divine Warrior, Renounce Religion


You were on level 1 of the Vaults.
You worshipped the Shining One.
The Shining One was exalted by your worship.
You were not hungry.

You visited 5 branches of the dungeon, and saw 28 of its levels.
You also visited: Ossuary, Bailey and Ice Cave.

You collected 3199 gold pieces.
You spent 2061 gold pieces at shops.

Inventory:

Hand Weapons
 l - the +10 longbow "Pufay" (weapon) {velocity, Str+2 Dex+3}
   (You bought it in a shop on level 8 of the Dungeon)

   Any arrow fired from it inflicts extra damage.
   It affects your strength (+2).
   It affects your dexterity (+3).
 q - a +9 eudemon blade of holy wrath
 y - a +2 longbow of flaming
Missiles
 k - 58 poisoned darts
 D - 209 arrows (quivered)
 G - 3 throwing nets
Armour
 d - a +2 pair of boots of running (worn)
 o - a +1 hat of intelligence (worn)
 M - a scarf of cloud immunity (worn)
 S - a +2 pair of gloves (worn)
 T - the +10 ring mail of the Ditch-Digger (worn) {rF+}
   (You found it on level 5 of the Lair of Beasts)

   It protects you from fire.
Jewellery
 a - the amulet of Soureab (around neck) {Harm *Drain rElec rC+}
   (You found it on level 13 of the Dungeon)

   [amulet of harm]

   It increases damage dealt and taken.
   It protects you from cold.
   It insulates you from electricity.
   It causes draining when unequipped.
 i - an uncursed ring of protection from cold
 j - an uncursed ring of protection from magic
 z - a cursed ring of resist corrosion (right hand)
 A - an uncursed amulet of regeneration
 B - a ring of protection from fire (left hand)
 P - an uncursed amulet of the acrobat
Wands
 n - a wand of enslavement (18)
 E - a wand of paralysis (17)
 K - a wand of flame (35)
 Q - a wand of acid (12)
 U - a wand of polymorph (30)
 X - a wand of iceblast (16)
Scrolls
 b - 7 scrolls of teleportation
 e - 6 scrolls of amnesia
 g - 11 scrolls of remove curse
 h - 3 scrolls of enchant weapon
 p - 4 scrolls of fog
 r - 2 scrolls of blinking
 s - 3 scrolls of holy word
 C - 6 scrolls of identify
 F - 2 scrolls of immolation
 J - 9 scrolls of magic mapping
 L - 3 scrolls of fear
Potions
 f - 2 potions of haste
 m - 2 potions of cancellation
 t - 5 potions of might
 u - 4 potions of curing
 v - 6 potions of agility
 w - 4 potions of flight
 x - 5 potions of ambrosia
 I - a potion of brilliance
Comestibles
 c - 35 rations


   Skills:
 * Level 18.5 Fighting
 - Level 14.5 Long Blades
 - Level 20.1 Bows
 * Level 11.3 Armour
 * Level 11.0 Dodging
 - Level 1.5 Stealth
 * Level 9.9 Invocations


You had 16 spell levels left.
You didn't know any spells.
Your spell library contained the following spells:

 Spells                   Type           Power        Failure   Level  Hunger
 Beastly Appendage        Tmut           #.....       45%         1    ##.....
 Sandblast                Erth           #.....       45%         1    ##.....
 Passwall                 Tmut/Erth      #.......     61%         2    ###....
 Poisonous Vapours        Pois/Air       #.....       61%         2    ###....
 Sticks to Snakes         Tmut           #.......     61%         2    ###....
 Conjure Flame            Conj/Fire      #.......     83%         3    ####...
 Mephitic Cloud           Conj/Pois/Air  #.......     83%         3    ####...
 Spider Form              Tmut/Pois      #.........   83%         3    ####...
 Stone Arrow              Conj/Erth      #.....       83%         3    ####...
 Ice Form                 Ice/Tmut       #.......     99%         4    #####..
 Petrify                  Tmut/Erth      #.......     99%         4    #####..
 Blade Hands              Tmut           #.........   100%        5    ######.
 Lee's Rapid Deconstruct  Erth           #.........   100%        5    ######.
 Freezing Cloud           Conj/Ice/Air   #.........   100%        6    #######
 Ring of Flames           Chrm/Fire      #.........   100%        7    #######


Dungeon Overview and Level Annotations

Branches:
Dungeon (15/15)            Temple (0/1) D:5            Lair (6/6) D:11
  Swamp (4/4) Lair:3       Spider (0/4) Lair:2        Slime (0/5) Lair:6
    Orc (2/2) D:9             Elf (0/3) Orc:2        Vaults (1/5) D:13
 Depths (0/5) D:15        Ossuary (visited)          Bailey (visited)
  IceCv (visited)

Altars:
Dithmenos
Fedhas
Gozag
Kikubaaqudgha
Makhleb
Qazlal
Ru
Trog
Uskayaw
Vehumet
Xom
Yredelemnul
The Shining One

Shops:
D:7 }   D:8 }:*(   D:10 *   Orc:1 [   Orc:2 ([}[**   Vaults:1 ?[[

Annotations:
Lair:4 exclusion: oklob plant
Orc:1 2 transporters, dracomuter's ghost, journeyman DrCj
Orc:2 3 runed translucent doors, Linguinho's ghost, journeyman TrFi


Innate Abilities, Weirdness & Mutations

You reflexively headbutt those who attack you in melee.
You have a pair of horns on your head.
You have sharp toenails.
You are mostly covered in slimy green scales. (AC +3)
You are agile. (Dex +2)


Message History

Okay, then.
You feel better.
Unknown command.
A yaktaur comes into view.
You feel much better.
The yaktaur wields a +0 arbalest.
The yaktaur shoots a bolt.
The bolt hits you!!
* * * LOW HITPOINT WARNING * * *
The rakshasa gestures at you. The orb of energy hits you!
* * * LOW HITPOINT WARNING * * *
The orb of energy explodes!
A yak comes into view.
A yaktaur captain comes into view.
The rakshasa hits you with a +0 long sword!
* * * LOW HITPOINT WARNING * * *
There is an open door, spattered with blood here.
Items here: ( )) [ † a +0 shortbow; 25 arrows; a +0 war axe; a +0 chain mail; a centaur corpse The yaktaur captain wields a +0 arbalest.
The yaktaur captain shoots a bolt.
The bolt hits you!!!
You die...

# # #..c#.# ..#
#...#.# ..'
#...#.# ...#
#...#.# ....#
#...#.# .. ....#
#...#.####(..
....#
#...#)).Y)..>
....#
######..(#@))(c..>
.....
.........)R####...
..... ......(.(#.#
....#######(...#.#
#..##.....##...#.#
#.##.......##..#.#
#.#.#.....#.#..#.#
#.#.)#####..#..#..
#.#..#####..#..###


You could see a yaktaur captain, a rakshasa and a yak.

Vanquished Creatures
  A tentacled monstrosity (Swamp:4)
  Rupert (D:15)
  3 thorn hunters
  3 vault wardens (Vaults:1)
  An ironheart preserver (Vaults:1)
  An orc warlord (Orc:1)
  A reaper (IceCv)
  A very ugly thing (Swamp:4)
  Snorg (D:14)
  A fire dragon (Lair:6)
  2 green deaths (Swamp:4)
  A yaktaur captain (Vaults:1)
  2 ice dragons (D:15)
  18 hydras
  Harold (D:8)
  The ghost of qipq the Thaumaturge, a journeyman GnWz of Sif Muna (D:13)
  2 vault guards (Vaults:1)
  A ghost crab (Swamp:3)
  11 alligators
  11 centaur warriors
  A shambling mangrove (Swamp:3)
  5 ogre magi
  22 two-headed ogres
  5 orc high priests (Orc:2)
  3 spriggans
  4 skeletal warriors (Vaults:1)
  A spriggan druid (Swamp:4)
  A lindwurm (Lair:6)
  A wizard (D:14)
  5 swamp dragons (Swamp:4)
  2 unseen horrors
  4 ironbrand convokers (Vaults:1)
  A deep elf archer (Vaults:1)
  3 deep elf magi
  19 orc knights
  2 orc sorcerers
  4 cyclopes
  2 wolf spiders (Vaults:1)
  15 ugly things
  5 manticores
  7 black mambas
  2 vault sentinels (Vaults:1)
  2 molten gargoyles (Lair:6)
  2 ice statues (IceCv)
  7 elephants
  2 centaur skeletons
  2 orange demons (Swamp:4)
  3 rime drakes
  4 gargoyles
  19 spiny frogs
  9 ice devils (IceCv)
  4 efreet
  4 yaktaurs
  A kobold demonologist (D:15)
  2 freezing wraiths (D:13)
  8 komodo dragons
  A jumping spider (Lair:2)
  6 trolls
  A meliai (D:13)
  A merfolk (shapeshifter) (Vaults:1)
  A polar bear (Lair:4)
  6 hornets
  4 dream sheep (Lair:4)
  17 hippogriffs
  21 slime creatures
  8 tyrant leeches
  Prince Ribbit (D:8)
  2 meliai zombies (D:12)
  8 blink frogs
  11 bog bodies
  14 wyverns
  6 shadows
  2 tarantellas (shapeshifter)
  Sigmund (D:6)
  4 water elementals (D:14)
  30 yaks
  3 wraiths
  15 humans (D:13)
  A golden eye (shapeshifter) (D:14)
  17 basilisks
  2 steam dragons (Lair:6)
  A hog (shapeshifter) (Vaults:1)
  12 vampire mosquitoes
  Menkaure (D:4)
  3 large abominations (Swamp:4)
  10 insubstantial wisps
  5 wargs
  3 acid dragons (D:13)
  2 soldier ants (D:9)
  12 swamp worms
  9 porcupines
  9 water moccasins
  3 hell hounds (Lair:6)
  57 orc warriors
  A sky beast (D:14)
  7 ice beasts
  10 swamp drakes
  An eye of draining (D:15)
  A black bear (D:6)
  23 ogres
  4 phantoms
  14 wolves
  6 necrophages
  14 centaurs
  12 crocodiles
  4 big kobolds
  17 bullfrogs
  A small abomination (Swamp:4)
  A water moccasin zombie (D:12)
  2 gnoll sergeants (D:9)
  A wyvern zombie (D:12)
  16 scorpions
  2 water moccasin skeletons
  29 killer bees
  15 wights
  4 howler monkeys
  2 electric eels
  7 crimson imps
  14 centaur zombies
  5 lava snakes (Lair:6)
  2 quasits
  2 human zombies (Ossuary)
  8 hounds
  29 orc priests
  3 bullfrog zombies
  4 jellies
  16 orc wizards
  3 bullfrog skeletons
  6 iguanas
  17 worker ants
  A big kobold zombie (Ossuary)
  A hound skeleton (D:6)
  4 mummies
  2 worker ant zombies
  8 adders
  6 gnolls
  2 shadow imps
  7 white imps (IceCv)
  7 ufetubi (IceCv)
  3 oozes (Lair:6)
  An adder skeleton (D:10)
  A worm (D:2)
  2 dart slugs
  6 leopard geckos
  116 orcs
  3 giant cockroaches
  8 goblins
  14 hobgoblins
  26 kobolds
  10 quokkas
  A ball python (D:2)
  6 bats
  6 frilled lizards
  2 gnoll zombies (Ossuary)
  A goblin zombie (Ossuary)
  A hobgoblin zombie (Ossuary)
  5 kobold zombies (Ossuary)
  A leopard gecko zombie (D:6)
  8 rats
  6 briar patches (Swamp:1)
1125 creatures vanquished.

Vanquished Creatures (others)
  A wizard (D:6)
  A black mamba (Lair:6)
  A bog body (Swamp:2)
  A human (D:13)
  A water moccasin (Lair:6)
  4 white imps (IceCv)
  3 ufetubi (IceCv)
  3 kobolds (Bailey)
  A fungus (Lair:6)
  10 plants
26 creatures vanquished.

Grand Total: 1151 creatures vanquished

Notes
Turn   | Place    | Note
-------+----------+-------------------------------------------
     0 | D:1      | Amplified the Minotaur Monk began the quest for the Orb.
     0 | D:1      | Reached XP level 1. HP: 19/19 MP: 0/0
   136 | D:1      | Reached XP level 2. HP: 23/27 MP: 1/1
   939 | D:1      | Reached XP level 3. HP: 33/33 MP: 2/2
   993 | D:2      | Reached skill level 1 in Armour
  1196 | D:2      | Found a glowing golden altar of the Shining One.
  1238 | D:2      | Noticed an angel
  1243 | D:2      | Became a worshipper of the Shining One
  1243 | D:2      | Reached * piety under the Shining One
  1243 | D:2      | Reached ** piety under the Shining One
  1252 | D:2      | Found a basalt altar of Yredelemnul.
  1254 | D:2      | Noticed a profane servitor
  1769 | D:3      | Found a faded altar of an unknown god.
  1787 | D:3      | Reached XP level 4. HP: 41/41 MP: 3/3
  1875 | D:3      | Reached skill level 1 in Invocations
  1893 | D:3      | Reached XP level 5. HP: 27/47 MP: 0/5
  2036 | D:3      | You fall into a shaft and drop 1 floor!
  2047 | D:4      | Reached skill level 5 in Long Blades
  2053 | D:4      | Reached skill level 5 in Fighting
  2149 | D:4      | Noticed Menkaure
  2155 | D:4      | Killed Menkaure
  2155 | D:4      | Reached XP level 6. HP: 56/56 MP: 6/6
  2352 | D:4      | Reached XP level 7. HP: 34/62 MP: 8/8
  2635 | D:5      | Entered Level 5 of the Dungeon
  2694 | D:5      | Found a sand-covered staircase.
  2723 | Ossuary  | Entered an ossuary
  2848 | Ossuary  | Reached *** piety under the Shining One
  3039 | Ossuary  | Reached XP level 8. HP: 71/71 MP: 9/9
  3090 | Ossuary  | Reached **** piety under the Shining One
  3551 | D:5      | Found an opulent altar of Gozag.
  3780 | D:5      | Reached skill level 10 in Long Blades
  3832 | D:5      | Found a staircase to the Ecumenical Temple.
  3993 | D:6      | Noticed Sigmund
  4009 | D:6      | Killed Sigmund
  4009 | D:6      | Reached XP level 9. HP: 79/82 MP: 10/10
  4113 | D:6      | Found a burning altar of Makhleb.
  4343 | D:6      | Found a shimmering altar of Xom.
  4637 | D:6      | Found a hide-covered altar of Uskayaw.
  4640 | D:6      | Found an ancient bone altar of Kikubaaqudgha.
  4640 | D:6      | Found a shadowy altar of Dithmenos.
  4642 | D:6      | Found a sacrificial altar of Ru.
  4642 | D:6      | Found a blossoming altar of Fedhas.
  4643 | D:6      | Found a stormy altar of Qazlal.
  4781 | D:6      | Found a bloodstained altar of Trog.
  4784 | D:6      | Noticed a wizard
  4790 | D:6      | Killed a wizard
  5042 | D:7      | Found Sicinn's Gadget Emporium.
  5088 | D:7      | Found a flagged portal.
  5105 | Bailey   | Entered a bailey
  5111 | Bailey   | Noticed an orc knight
  5120 | Bailey   | Noticed an orc knight
  5120 | Bailey   | Reached ***** piety under the Shining One
  5151 | Bailey   | Killed an orc knight
  5151 | Bailey   | Reached skill level 10 in Fighting
  5182 | Bailey   | Reached XP level 10. HP: 59/93 MP: 11/11
  5340 | Bailey   | Killed an orc knight
  5586 | D:7      | Found a hide-covered altar of Uskayaw.
  6035 | D:8      | Found Yleuhag's General Store.
  6069 | D:8      | Found a bloodstained altar of Trog.
  6076 | D:8      | Noticed Harold
  6089 | D:8      | Killed Harold
  6371 | D:8      | Found Xeahoelo's Book Shoppe.
  6400 | D:8      | Found Xaz Yheor's Weapon Shoppe.
  6403 | D:8      | Bought the +10 longbow "Pufay" {velocity, Str+2 Dex+3} for
                  | 890 gold pieces
  6404 | D:8      | Gained mutation: You are partially covered in slimy green
                  | scales. (AC +2) [potion of mutation]
  6404 | D:8      | Gained mutation: You are agile. (Dex +2) [potion of
                  | mutation]
  6404 | D:8      | Gained mutation: You are mostly covered in slimy green
                  | scales. (AC +3) [potion of mutation]
  6404 | D:8      | Gained mutation: You have sharp toenails. [potion of
                  | mutation]
  6463 | D:8      | Noticed Prince Ribbit
  6525 | D:8      | Killed Prince Ribbit
  6525 | D:8      | Reached skill level 1 in Bows
  6549 | D:8      | Reached skill level 2 in Bows
  6857 | D:8      | Found Agrito's Gadget Shop.
  8183 | D:9      | Reached skill level 3 in Bows
  8230 | D:9      | Noticed a two-headed ogre
  8234 | D:9      | Killed a two-headed ogre
  8234 | D:9      | Reached skill level 4 in Bows
  8234 | D:9      | Reached XP level 11. HP: 104/104 MP: 12/12
  8286 | D:9      | Found a staircase to the Orcish Mines.
  8396 | D:9      | Reached skill level 5 in Bows
  8798 | D:9      | Reached skill level 6 in Bows
  8964 | D:9      | Got a pitted scale mail
  8979 | D:10     | Entered Level 10 of the Dungeon
  9140 | D:10     | Noticed a two-headed ogre
  9151 | D:10     | Killed a two-headed ogre
  9151 | D:10     | Reached skill level 7 in Bows
  9283 | D:10     | Found Ucuthraj's Assorted Antiques.
  9283 | D:10     | Noticed a two-headed ogre
  9315 | D:10     | Killed a two-headed ogre
  9315 | D:10     | Noticed a two-headed ogre
  9319 | D:10     | Killed a two-headed ogre
  9319 | D:10     | Reached skill level 8 in Bows
  9405 | D:10     | Found a shimmering altar of Xom.
  9473 | D:10     | Identified the +4 scale mail of Qeer {+Blink rF+ MR- SInv}
                  | (You found it on level 9 of the Dungeon)
  9555 | D:11     | Found a frozen archway.
  9569 | IceCv    | Entered an ice cave
  9708 | IceCv    | Reached skill level 9 in Bows
  9712 | IceCv    | Reached ****** piety under the Shining One
  9940 | IceCv    | Reached XP level 12. HP: 115/115 MP: 13/13
  9947 | IceCv    | Reached skill level 10 in Bows
  9963 | IceCv    | Noticed a reaper
  9984 | IceCv    | Killed a reaper
 10119 | IceCv    | Identified a glowing eudemon blade {god gift} (a runed
                  | demon blade blessed by the Shining One)
 10119 | IceCv    | Received a gift from the Shining One
 10570 | D:11     | You fall into a shaft and drop 1 floor!
 10667 | D:12     | Reached skill level 11 in Bows
 10974 | D:12     | Reached skill level 12 in Bows
 11488 | D:13     | Found a gate to the Vaults.
 11488 | D:13     | Noticed a centaur warrior
 11488 | D:13     | Noticed a centaur warrior
 11488 | D:13     | Noticed a two-headed ogre
 11526 | D:11     | Noticed a two-headed ogre
 11530 | D:11     | Killed a two-headed ogre
 11752 | D:11     | Found a staircase to the Lair.
 11847 | Lair:1   | Entered Level 1 of the Lair of Beasts
 11847 | Lair:1   | Noticed a seven-headed hydra
 11852 | Lair:1   | Killed a seven-headed hydra
 11869 | Lair:1   | Reached skill level 13 in Bows
 11912 | Lair:1   | Noticed a six-headed hydra
 11916 | Lair:1   | Killed a six-headed hydra
 11968 | Lair:1   | Reached XP level 13. HP: 94/125 MP: 14/14
 12096 | Lair:1   | Reached skill level 15 in Fighting
 12963 | Lair:2   | Found a hole to the Spider Nest.
 12984 | Lair:2   | You fall into a shaft and drop 2 floors!
 13022 | Lair:4   | Reached skill level 14 in Bows
 13237 | Lair:4   | You fall into a shaft and drop 2 floors!
 13237 | Lair:6   | Entered Level 6 of the Lair of Beasts
 13314 | Lair:6   | Reached skill level 15 in Bows
 13429 | Lair:6   | Found a large runed translucent door.
 13522 | Lair:6   | Found a large runed translucent door.
 13601 | Lair:6   | Noticed a fire dragon
 13834 | Lair:6   | Reached skill level 16 in Bows
 13855 | Lair:6   | Reached XP level 14. HP: 77/136 MP: 12/15
 14063 | Lair:6   | Identified a scroll of acquirement
 14164 | Lair:6   | Found a staircase to the Slime Pits.
 15458 | Lair:4   | Reached skill level 17 in Bows
 17180 | Lair:3   | Found a staircase to the Swamp.
 17363 | Lair:2   | Reached skill level 18 in Bows
 17925 | Orc:1    | Entered Level 1 of the Orcish Mines
 18063 | Orc:1    | Found a transporter.
 18070 | Orc:1    | Found a transporter.
 18074 | Orc:1    | Noticed dracomuter's ghost (journeyman DrCj)
 18223 | Orc:1    | Noticed an orc warlord
 18233 | Orc:1    | Killed an orc warlord
 18280 | Orc:1    | Reached skill level 19 in Bows
 18487 | Orc:1    | Found Qymer's Antique Armour Shop.
 18703 | Orc:2    | Entered Level 2 of the Orcish Mines
 18929 | Orc:2    | Reached XP level 15. HP: 143/143 MP: 16/16
 18958 | Orc:2    | Found a runed translucent gate.
 18958 | Orc:2    | Found a runed translucent gate.
 18958 | Orc:2    | Found a runed translucent gate.
 18964 | Orc:2    | Found an opulent altar of Gozag.
 18967 | Orc:2    | Found Vess's Assorted Antiques.
 18967 | Orc:2    | Noticed Linguinho's ghost (journeyman TrFi)
 18970 | Orc:2    | Found Wywyucor's Assorted Antiques.
 19046 | Orc:2    | Found a staircase to the Elven Halls.
 19608 | Orc:2    | Reached skill level 20 in Bows
 19805 | Orc:2    | Found Dupren's Armour Boutique.
 19811 | Orc:2    | Found Houtzu's Antique Armour Boutique.
 19812 | Orc:2    | Found Sacolot's Antique Weapon Boutique.
 19813 | Orc:2    | Found Zeceinua's Gadget Shop.
 19827 | Orc:2    | Bought a +2 pair of boots of running for 539 gold pieces
 20154 | Lair:5   | Got a jewelled ring mail
 20155 | Lair:5   | Identified the +10 ring mail of the Ditch-Digger {rF+} (You
                  | found it on level 5 of the Lair of Beasts)
 20372 | D:13     | Got a twitching steel amulet
 20394 | D:13     | Reached skill level 5 in Dodging
 20568 | D:13     | Identified the amulet of Soureab {Harm *Drain rElec rC+}
                  | (You found it on level 13 of the Dungeon)
 20742 | D:13     | Found a radiant altar of Vehumet.
 20893 | D:13     | Found the amulet of the Air {Inacc +Fly rElec EV+5 RMsl}
 20939 | D:13     | Reached skill level 5 in Armour
 20992 | D:13     | Found a runed translucent door.
 21256 | D:13     | Noticed qipq's ghost (journeyman GnWz)
 21262 | D:13     | Killed qipq's ghost
 21366 | D:14     | Reached skill level 5 in Invocations
 21375 | D:14     | Noticed Snorg
 21488 | D:14     | You fall into a shaft and drop 1 floor!
 21488 | D:15     | Entered Level 15 of the Dungeon
 21660 | D:15     | Noticed Rupert
 21668 | D:15     | Killed Rupert
 21907 | D:15     | Reached XP level 16. HP: 136/152 MP: 16/19
 21912 | D:15     | Found a staircase to the Depths.
 22571 | D:14     | Killed Snorg
 23217 | Swamp:1  | Entered Level 1 of the Swamp
 23342 | Swamp:1  | Noticed a thorn hunter
 23351 | Swamp:1  | Killed a thorn hunter
 23759 | Swamp:1  | Noticed a thorn hunter
 23768 | Swamp:1  | Killed a thorn hunter
 24197 | Swamp:3  | Noticed a thorn hunter
 24202 | Swamp:3  | Killed a thorn hunter
 24369 | Swamp:4  | Entered Level 4 of the Swamp
 25074 | Swamp:4  | Reached XP level 17. HP: 163/163 MP: 22/22
 25139 | Swamp:4  | Noticed a tentacled monstrosity
 25142 | Swamp:4  | Killed a tentacled monstrosity
 25142 | Swamp:4  | Reached skill level 10 in Armour
 25149 | Swamp:4  | Reached skill level 10 in Dodging
 25243 | Swamp:4  | Got a decaying rune of Zot
 25580 | Vaults:1 | Entered Level 1 of the Vaults
 25851 | Vaults:1 | Found Nockapn's Antique Armour Emporium.
 25859 | Vaults:1 | Bought a runed scarf for 392 gold pieces
 25899 | Vaults:1 | Found Kaluwal's Magic Scroll Emporium.
 25917 | Vaults:1 | Bought a scroll of teleportation for 48 gold pieces
 25917 | Vaults:1 | Bought a scroll of fear for 56 gold pieces
 25917 | Vaults:1 | Bought a scroll of teleportation for 48 gold pieces
 25917 | Vaults:1 | Bought a scroll of fog for 32 gold pieces
 25917 | Vaults:1 | Bought a scroll of magic mapping for 56 gold pieces
 26119 | Vaults:1 | Found Qiagubir's Antique Armour Shop.
 26276 | Vaults:1 | Shot with a bolt by a yaktaur captain

Levels and vault maps discovered:
D:1:      dpeg_arrival_rooms_with_view, layout_basic, serial_co_window_serial,
          co_window_of_opportunity_a, co_window_paths_b,
          co_window_of_opportunity_a, co_window_paths_a, co_window_corner_a,
          co_window_unsneaky_path_c, co_window_corner_cb, co_window_corner_b,
          co_window_paths_c, co_window_of_opportunity_c, co_window_4corner_a,
          glass_columns_a, glass_columns_a, interstate_on_off
D:2:      layout_loops_ring, grunt_temple_overflow_holy_war
D:3:      layout_basic, first_ration, chequers_ecumenical_altar_simple_redux,
          minmay_misc_feat_enclosed, nicolae_qazlal_eye_of_the_storm
D:4:      layout_rooms, kennysheep_generic_room_10, uniq_menkaure
D:5:      layout_loops_cross, grunt_gozag_statues,
          minmay_temple_entry_drinking_statues, nicolae_ossuary_entry_plus
D:6:      layout_basic, old_standard_altar, makhleb_blood_cavern_becter,
          grunt_temple_overflow_open, trog_wizard, uniq_sigmund
D:7:      layout_loops_ring, serial_shops, shop, enter_bailey_6, basic_altar
D:8:      layout_cave_pods, nicolae_overflow_crystal_walls, serial_shops, shop,
          nicolae_shop_crystal, kennysheep_little_box, kennysheep_mini_moat,
          uniq_harold, uniq_prince_ribbit1
D:9:      layout_loops_ring, kennysheep_orc_monster_closet_entryway,
          hangedman_pestilent_swarm
D:10:     layout_roguey, basic_altar, serial_shops, nicolae_shop_waterfront
D:11:     layout_loops_ring, lair_entry_dummy, portal_ice_cave_entry_pillars_2
D:12:     layout_basic, serial_undead, serial_undead_d, serial_undead_d,
          serial_undead_b, serial_undead_a, serial_undead_e, serial_undead_c,
          billiards_dpeg
D:13:     minmay_the_grid_net [minmay_the_grid_minigrid_small,
          minmay_the_grid_stretched_grid, minmay_the_grid_odd_star,
          minmay_the_grid_square_x, minmay_the_grid_holed_spiral,
          minmay_the_grid_prize_shrinking_boxes], layout_basic, david_vaults_3,
          basic_altar, ebering_ghost_reflecting_pool
D:14:     layout_rooms, serial_bayou, serial_bayou_pond_d, serial_bayou_pond_d,
          serial_bayou_pond_e, serial_bayou_shore_b, serial_bayou_lake_a,
          uniq_snorg
D:15:     grunt_enter_depths_hoard, layout_basic, minmay_misc_feat_pillars,
          uniq_rupert
Lair:1:   layout_gridlike, infiniplex_staircase_pool_2
Lair:2:   layout_hall_layers, spider_nest_entry_rubble, st_stairs_12,
          beast_lair_carwin_9, lemuel_fruit_fields
Lair:3:   layout_cave_pods, palyth_hydra_swamp_entry,
          cheibrodos_lair_reptile_den, infiniplex_staircase_pool,
          serial_bayou_shore_b
Lair:4:   layout_roguey [special_room_mythical_zoo], grunt_megastairs_3
Lair:5:   layout_concentric_octagons, st_stairs_7, grunt_megastairs_2
Lair:6:   cheibrodos_lair_end_hotspot, layout_regular_city,
          nicolae_slime_entry_slimehenge, st_stairs_5
Swamp:1:  layout_basic_swamp, evilmike_swamp_ruin_rubble_1
Swamp:2:  layout_falls_marsh, evilmike_swamp_ruin_house_2
Swamp:3:  layout_basic_swamp, evilmike_swamp_ruin_house_4
Swamp:4:  swamp_vile, layout_basic_swamp, swamp_pool5
Orc:1:    layout_diamond_mine, serial_shops, shop_statue, special_room
          [special_room_orc], gammafunk_ghost_stat_death, minmay_orc_barracks
Orc:2:    st_orc_pillars, layout_caves, ebering_ghost_gozag
Vaults:1: nicolae_vaults_network_periphery, dpeg_vaults_monster_box,
          grunt_vaults_funnel, ontoclasm_vaults_eye, v_misc_28,
          hangedman_vaults_stitches, vaults_room_hallway, vaults_mumra_lcd,
          nicolae_vaults_minivaults, vaults_room_hallway,
          layout_vaults_big_room, serial_shops, nicolae_shop_statue_plus, shop,
          shop

Skill      XL: |  1  2  3  4  5  6  7  8  9 10 11 12 13 14 15 16 17 |
---------------+----------------------------------------------------+-----
Long Blades    | 4 5 8 10 12 14 | 14.5
Fighting       | 4 5 6 8 10 11 13 14 15 16 17 18 | 18.5
Armour         | 1 2 6 9 11 | 11.3
Invocations    | 1 2 3 5 8 9 |  9.9
Dodging        | 4 7 9 11 | 11.0
Bows           | 4 9 13 16 19 20 | 20.1
Stealth        | |  1.5

Action                   |  1- 3 |  4- 6 |  7- 9 | 10-12 | 13-15 | 16-18 || total
-------------------------+-------+-------+-------+-------+-------+-------++-------
Melee: Falchion          |    74 |    18 |   242 |   159 |       |       ||   493
       Headbutt          |    11 |    11 |    46 |    28 |    29 |       ||   125
       Short sword       |    11 |    88 |       |       |       |       ||    99
       Kick              |       |       |       |    14 |       |       ||    14
       Eudemon blade     |       |       |       |    26 |   145 |       ||   171
 Fire: Longbow           |       |       |       |   350 |   938 |   506 ||  1794
Throw: Dart              |       |    14 |     9 |     2 |       |       ||    25
Invok: Divine Shield     |       |     1 |       |     2 |     4 |       ||     7
       Brand Weapon With |       |       |       |     1 |       |       ||     1
       Cleansing Flame   |       |       |       |       |     8 |    13 ||    21
Evoke: Wand              |       |       |     7 |     4 |     1 |       ||    12
  Use: Scroll            |     1 |     6 |    13 |    10 |    17 |     3 ||    50
       Potion            |     1 |     3 |     2 |     9 |    12 |     6 ||    33
 Stab: Sleeping          |     6 |       |       |       |       |       ||     6
  Eat: Chunk             |     2 |     3 |     3 |    10 |    10 |     2 ||    30
       Ration            |       |       |     2 |     3 |     6 |     4 ||    15
Armor: Robe              |     3 |     4 |       |       |       |       ||     7
       Skin              |       |    36 |       |       |       |       ||    36
       Scale mail        |       |    10 |    89 |   100 |   119 |       ||   318
       Ring mail         |       |       |       |       |    50 |    62 ||   112
Dodge: Dodged            |    42 |    33 |   150 |   154 |   221 |   105 ||   705
Block: Other             |     8 |    19 |    38 |    52 |    27 |       ||   144
       Reflection        |     1 |       |    12 |     4 |       |       ||    17
       Rpst.: Falchion   |     6 |     2 |    23 |    22 |       |       ||    53
       Eudemon blade     |       |       |       |     2 |     7 |       ||     9
